 Dungeon Crawl Stone Soup version 0.29-a0-393-g47a863cc1b (webtiles) character file.

Game seed: 17131259150797175568

7900 HendSelp the Carver (level 11, 0/71 HPs)
             Began as a Tengu Monk on May 9, 2022.
             Was an Initiate of Gozag.
             Succumbed to a gnoll sergeant's poison
             ... on level 9 of the Dungeon.
             The game lasted 00:18:14 (13398 turns).

HendSelp the Carver (Tengu Monk)                   Turns: 13398, Time: 00:18:14

Health: 0/71       AC:  6    Str: 13    XL:     11   Next: 22%
Magic:  12/12      EV: 38    Int: 10    God:    Gozag
Gold:   384        SH:  0    Dex: 20    Spells: 10/10 levels left

rFire   . . .      SeeInvis .   q - +3 long sword
rCold   + . .      Faith    .   (no shield)
rNeg    . . .      Spirit   .   a - +1 steam dragon scales
rPois   .          Reflect  .   (helmet restricted)
rElec   .          Harm     .   (no cloak)
rCorr   .          Rampage  .   (no gloves)
Will    +....                   (boots unavailable)
Stlth   +.........              l - amulet of the acrobat
HPRegen 0.21/turn               f - ring of willpower
MPRegen 0.13/turn               r - ring of protection from cold

@: confused, lethally poisoned (0 -> -30), ambrosia-drunk, acrobatic, flying
quickly and evasively, quick
A: beak, talons 3, nimble flight
a: Renounce Religion, Potion Petition, Call Merchant, Bribe Branch


You were on level 9 of the Dungeon.
You worshipped Gozag.
Gozag was aware of your devotion.
You visited 2 branches of the dungeon, and saw 10 of its levels.

You collected 1620 gold pieces.
You paid 1236 gold pieces to Gozag.

Inventory:

Hand Weapons
 q - a +3 long sword (weapon)
Armour
 a - +1 steam dragon scales (worn)
Jewellery
 f - a ring of willpower (left hand)
 l - an amulet of the acrobat (around neck)
 r - a ring of protection from cold (right hand)
 u - a ring of protection from fire
Wands
 d - a wand of iceblast (12)
 j - a wand of acid (5)
 n - a wand of flame (1)
Scrolls
 b - a scroll of teleportation
 e - a scroll of identify (quivered)
 p - 3 scrolls of amnesia
Potions
 g - 2 potions of brilliance
 i - 2 potions of haste {unknown}
 m - a potion of attraction {unknown}
 s - 3 potions of mutation {unknown}
 t - 2 potions of cancellation {unknown}


   Skills:
 + Level 9.0 Fighting
 + Level 13.1 Long Blades
 + Level 10.6 Dodging
 - Level 2.0 Stealth


You had 10 spell levels left.
You didn't know any spells.
Your spell library contained the following spells:

 Spells                   Type           Power      Damage    Failure   Level
 Sting                    Tmut/Pois      0%         1d3       36%         1
 Poisonous Vapours        Pois/Air       0%         N/A       50%         2
 Conjure Flame            Conj/Fire      0%         6-21      75%         3
 Gell's Gravitas          Tloc           0%         N/A       75%         3
 Ignite Poison            Fire/Tmut/Pois 0%         N/A       75%         3
 Lesser Beckoning         Tloc           0%         N/A       75%         3
 Teleport Other           Tloc           0%         N/A       75%         3
 Animate Dead             Necr           0%         N/A       98%         4
 Olgreb's Toxic Radiance  Pois           0%         N/A       98%         4
 Sticky Flame             Conj/Fire      0%         2d3       98%         4
 Haunt                    Necr/Summ      0%         N/A       100%        7
 Infestation              Necr           0%         N/A       100%        8


Dungeon Overview and Level Annotations

Branches:
Dungeon (9/15)             Temple (1/1) D:4            Lair (0/6) D:9
    Orc: D:9-12

Altars:
Ashenzari
Cheibriados
Dithmenos
Elyvilon
Fedhas
Gozag
Hepliaklqana
Kikubaaqudgha
Makhleb
Nemelex Xobeh
Okawaru
Ru
Sif Muna
Uskayaw
Vehumet
Wu Jian
Xom
The Shining One

Shops:
D:7 (   D:9 (


Innate Abilities, Weirdness & Mutations

You have a beak for a mouth.
You have claws for feet.
Your magical nature lets you fly swiftly and evasively.


Message History

The gnoll sergeant hits you with a +5 spear of venom!
You are more poisoned.
You are too injured to fight recklessly!
Unknown command.
You are too injured to fight recklessly!
Unknown command.
You are too injured to fight recklessly!
Unknown command.
You are too injured to fight recklessly!
You are too injured to fight recklessly!
You hit the gnoll sergeant but do no damage.
You claw the gnoll sergeant, but do no damage.
The gnoll sergeant is moderately wounded.
You feel very sick.
The gnoll is no longer distracted by gold.
The gnoll is distracted by your dazzling golden aura.
The gnoll sergeant hits you with a +5 spear of venom!
* * * LOW HITPOINT WARNING * * *
You are more poisoned.
The gnoll shouts!
Unknown command.
You are confused.
You feel invigorated.
* * * LOW HITPOINT WARNING * * *
You feel extremely sick.
You hear a bark!
The gnoll is no longer distracted by gold.
A hound comes into view.
The gnoll sergeant is distracted by your dazzling golden aura.
The gnoll throws a boomerang.
The boomerang closely misses you.
Unknown command.
Unknown command.
* * * LOW HITPOINT WARNING * * *
You feel extremely sick.
The gnoll sergeant shouts!
Things that are here:
6 gold pieces; a +0 whip Unknown command.
You die...
Your body crumbles into a pile of gold.

.....# ...# ....##
######..# ...## $
#....#..# .#.# $
#....#..# .#.#
++#....#..# ...#
..h.......# ...#
......g...# ...#
......g$$.# .#.#
''#...g#@.# ...#
#....#..# ...#
#....#..# #...##
######.##
#....##########..#
.................#
.....#.........###
.....#...#######
####.....#


You could see a hound and 2 gnolls.

Vanquished Creatures
  A two-headed ogre (D:9)
  A cyclops (D:8)
  Maggie (D:8)
  A wyvern (D:5)
  3 steam dragons
  Grum (D:9)
  4 yaks (D:7)
  A wraith (D:5)
  A water moccasin (D:7)
  3 orc warriors
  A sky beast (D:6)
  Pargi (D:3)
  2 ogres
  5 black bears
  A centaur (D:6)
  6 wolves (D:9)
  3 phantoms
  A kobold brigand (D:8)
  A bullfrog (D:6)
  2 necrophages
  4 gnoll sergeants (D:9)
  3 scorpions
  11 wights
  A water moccasin skeleton (D:3)
  9 killer bees (D:9)
  An electric eel (D:7)
  A centaur zombie (D:3)
  13 hounds
  4 jellies
  2 orc priests (D:8)
  5 gnoll shamans
  7 iguanas
  4 orc wizards
  2 hound skeletons (D:3)
  9 adders
  36 gnolls
  5 white imps
  2 ufetubi (D:5)
  3 adder zombies (D:3)
  An adder skeleton (D:3)
  5 worms
  A dart slug (D:5)
  16 orcs
  4 ball pythons
  4 bats
  2 endoplasms (D:1)
  3 giant cockroaches
  2 goblins
  9 hobgoblins
  8 jackals
  5 kobolds
  5 quokkas
  A ball python skeleton (D:3)
  A ball python zombie (D:3)
  2 frilled lizards (D:1)
  A jackal zombie (D:3)
  2 quokka skeletons (D:3)
  8 rats
242 creatures vanquished.

Vanquished Creatures (others)
  4 fungi (D:6)
4 creatures vanquished.

Grand Total: 246 creatures vanquished

Notes
Turn   | Place    | Note
-------+----------+-------------------------------------------
     0 | D:1      | HendSelp the Tengu Monk began the quest for the Orb.
     0 | D:1      | Reached XP level 1. HP: 14/14 MP: 2/2
   193 | D:1      | Reached XP level 2. HP: 18/19 MP: 3/3
   845 | D:1      | Reached XP level 3. HP: 22/23 MP: 4/4
  1389 | D:2      | Found a faded altar of an unknown god.
  1549 | D:2      | Reached skill level 4 in Long Blades
  1559 | D:2      | Reached XP level 4. HP: 28/28 MP: 5/5
  1868 | D:3      | Noticed Pargi
  1876 | D:3      | Killed Pargi
  1877 | D:3      | Reached skill level 5 in Long Blades
  1877 | D:3      | Gained mutation: Your magical nature lets you fly swiftly
                  | and evasively. [Tengu growth]
  1877 | D:3      | Reached XP level 5. HP: 11/33 MP: 6/6
  2219 | D:3      | Reached XP level 6. HP: 23/38 MP: 7/7
  2586 | D:3      | Reached skill level 6 in Long Blades
  3556 | D:4      | Reached XP level 7. HP: 28/44 MP: 8/8
  3698 | D:4      | Found a staircase to the Ecumenical Temple.
  3705 | Temple   | Entered the Ecumenical Temple
  3754 | Temple   | Became a worshipper of Gozag Ym Sagoz the Greedy
  3997 | D:4      | Reached skill level 5 in Dodging
  4371 | D:4      | Reached skill level 5 in Fighting
  4571 | D:4      | Reached skill level 7 in Long Blades
  5208 | D:5      | Entered Level 5 of the Dungeon
  5212 | D:5      | Noticed a wraith
  5224 | D:5      | Killed a wraith
  5227 | D:5      | Reached XP level 8. HP: 43/49 MP: 9/9
  5944 | D:5      | Reached skill level 8 in Long Blades
  6168 | D:5      | Noticed a wyvern
  6188 | D:5      | Killed a wyvern
  6492 | D:5      | Found a hazy altar of Hepliaklqana.
  7220 | D:6      | Reached XP level 9. HP: 50/56 MP: 10/10
  7268 | D:6      | Reached skill level 9 in Long Blades
  8046 | D:6      | Reached skill level 10 in Long Blades
  9221 | D:7      | Reached XP level 10. HP: 62/63 MP: 11/11
  9557 | D:7      | Reached skill level 11 in Long Blades
 10663 | D:8      | Found a white marble altar of Elyvilon.
 11181 | D:8      | Noticed Maggie
 11723 | D:8      | Killed Maggie
 12048 | D:8      | Noticed a boulder beetle
 12080 | D:8      | Noticed a cyclops
 12085 | D:8      | Killed a cyclops
 12086 | D:8      | Reached skill level 12 in Long Blades
 12260 | D:9      | Noticed a two-headed ogre
 12270 | D:9      | Killed a two-headed ogre
 12271 | D:9      | Reached skill level 10 in Dodging
 12418 | D:9      | Noticed Grum
 12425 | D:9      | Reached XP level 11. HP: 41/69 MP: 12/12
 12448 | D:9      | Killed Grum
 13016 | D:9      | Reached skill level 13 in Long Blades
 13288 | D:9      | Found a staircase to the Lair.
 13397 | D:9      | HP: 3/71 [poisoned by a gnoll sergeant]
 13398 | D:9      | Succumbed to a gnoll sergeant's poison

Illustrated notes

Levels and vault maps discovered:
D:1:      shiori_arrival_elements, layout_basic, minmay_tiny_reverse_x
D:2:      layout_loops_ring, shapermc_ecumenical_altar_petra
D:3:      layout_basic, serial_undead, serial_undead_a, serial_undead_d,
          serial_undead_b, serial_undead_d, serial_undead_b, serial_undead_f,
          serial_undead_c, serial_undead_a, serial_undead_b, serial_undead_a,
          uniq_pargi
D:4:      layout_gridville, minmay_temple_entry_wispy, dreamdust_gnoll_farm
D:5:      cheibrodos_barr_body, layout_loops_corners, nzn_hepliaklqana_mist_gate
D:6:      layout_basic, dreamdust_mushroom_princess, hangedman_decor_push,
          minmay_fractal_squares_diagonal_5
D:7:      layout_cave_pods, kennysheep_cross_room
D:8:      kennysheep_big_flooded_room, layout_basic, mainiacjoe_overflow_paths,
          uniq_maggie, uniq_amaemon
D:9:      layout_cave_pools, general_overflow_altar, lair_entry_dummy,
          serial_gnoll_camp, gnoll_camp_huts_basic, gnoll_camp_mini_basic,
          gnoll_camp_mini_doghouse, gnoll_camp_mini_house,
          gnoll_camp_mini_basic, gnoll_camp_medium_02, uniq_grum
Temple:   minmay_temple_bridge_d

Skill      XL: |  1  2  3  4  5  6  7  8  9 10 11 |
---------------+----------------------------------+-----
Long Blades    | 4 5 6 7 8 10 12 13 | 13.1
Dodging        | 4 5 7 9 10 | 10.6
Fighting       | 4 5 6 7 8 9 |  9.0
Stealth        | |  2.0

Action                   |  1- 3 |  4- 6 |  7- 9 | 10-12 || total
-------------------------+-------+-------+-------+-------++-------
Melee: Falchion          |    53 |   102 |   300 |    68 ||   523
       Kick              |     8 |    28 |   116 |   117 ||   269
       Peck              |     6 |    22 |    74 |    70 ||   172
       Punch             |       |     1 |     7 |     3 ||    11
       Long sword        |       |       |       |   241 ||   241
Invok: Call Merchant     |       |       |     1 |     1 ||     2
Evoke: Wand              |       |       |    11 |     4 ||    15
  Use: Scroll            |     6 |     2 |    10 |     4 ||    22
       Potion            |     1 |     1 |       |    11 ||    13
 Stab: Sleeping          |     9 |     4 |     3 |     3 ||    19
       Distracted        |       |       |     1 |     3 ||     4
Armor: Robe              |    10 |     9 |     6 |     1 ||    26
       Steam dragon scal |       |       |       |    17 ||    17
Dodge: Dodged            |    25 |    97 |   240 |   294 ||   656

Table legend: (Time is in decaauts)
 A = Elapsed time spent in this place.
 B = Non-inter-level travel time spent in this place.
 C = Inter-level travel time spent in this place.
 D = Time resting spent in this place.
 E = Time spent auto-exploring this place.
 F = Levels seen in this place.
 G = Mean time per level.
                   A        B        C        D        E       F      G
               +--------+--------+--------+--------+--------+-----+--------+
         Total |  12890 |  12614 |    276 |   2290 |   8532 |  10 | 1289.0 |
       Dungeon |  12764 |  12499 |    265 |   2290 |   8433 |   9 | 1418.2 |
        Temple |    126 |    116 |     10 |      0 |     99 |   1 |  126.0 |
               +--------+--------+--------+--------+--------+-----+--------+

Top non-repeatable levels by time:
     D:7: 2539 daAuts
     D:5: 2082 daAuts
     D:4: 1819 daAuts
     D:6: 1432 daAuts
     D:3: 1304 daAuts
     D:1: 1153 daAuts
     D:9: 1075 daAuts
     D:2: 701 daAuts
     D:8: 656 daAuts
  Temple: 126 daAuts
